[Event "Early-Titled-Tuesday-Blitz-May-07-2024"]
[Site "Chess.com"]
[Date "2024.05.07"]
[Round "3"]
[White "RebecaJimnz"]
[Black "WiseKing_08"]
[Result "0-1"]
[WhiteElo "2306"]
[BlackElo "2607"]
[TimeControl "180+1"]
[EndTime "8:33:03 PDT"]
[Termination "WiseKing_08 won by resignation"]

1. e4 c6 2. d4 d5 3. exd5 cxd5 4. Bd3 Nc6 5. c3 Nf6 6. h3 g6 7. Nf3 Bf5 8. O-O e6 9. Bf4 Bd6 10. Bxd6 Qxd6 11. Re1 O-O 12. Bxf5 gxf5 13. Nbd2 Ne4 14. Nf1 Kh8 15. Qc1 Rg8 16. Qh6 Rg6 17. Qh4 Rag8 18. g3 f4 19. g4 f5 20. N1h2 Ne7 21.
Kh1 fxg4 22. hxg4 Rxg4 23. Nxg4 Nf5 24. Qh3 Rxg4 25. Rxe4 Rg6 26. Re5 Rh6 27. Qxh6 Nxh6 28. Rae1 Nf5 29. Rxe6 Qd7 30. Ng5 h6 31. Re8+ Kg7 32.
Ne6+ Kf7 33. Nc5 Qxe8 34. Rxe8 Kxe8 35. Nxb7 Kd7 36. Na5 Kc7 37. Nb3 Kd6 38. Kg2 Nh4+ 39. Kh3 Nf3 40. Kg4 Ne1 41. Kxf4 Nd3+ 42. Ke3 Nxb2 43.
Nc5 Nc4+ 44. Kf4 Nb2 45. Kf5 Nd1 46. Na4 Nxf2 47. Kg6 Ne4 48. Kxh6 Kc6 49. Kg6 Kb5 50. Nc5 Nxc5 51. dxc5 Kxc5 52. Kf5 Kc4 53. Ke5 a5 54. Kd6 a4 55. Kc6 a3 56. Kd6 Kxc3 57. Kxd5 Kb2 58. Kd4 Kxa2 59. Kc3 Kb1 60. Kb3 a2 0-1

[Event "Early-Titled-Tuesday-Blitz-May-07-2024"]
[Site "Chess.com"]
[Date "2024.05.07"]
[Round "3"]
[White "Tonychess32"]
[Black "Kiborg95"]
[Result "1/2-1/2"]
[WhiteElo "2495"]
[BlackElo "2837"]
[TimeControl "180+1"]
[EndTime "8:33:05 PDT"]
[Termination "Game drawn by repetition"]

1. e4 d6 2. d4 Nf6 3. Nc3 e5 4. Nf3 Nbd7 5. Bd3 Be7 6. O-O O-O 7. Re1 Re8 8. Bg5 h6 9. Bh4 c6 10. Qe2 Qc7 11. Nd1 Nf8 12. c3 Ng6 13. Bg3 Nh5 14. Bc4 Nhf4 15. Qd2 b5 16. Bb3 c5 17. Ne3 c4 18.
Bc2 Bf8 19. Rad1 Bb7 20. Nf5 Rad8 21. a4 a6 22. d5 Bc8 23. Ne3 Bd7 24. axb5 axb5 25.
Ra1 Ra8 26. Nh4 Nxh4 27. Bxh4 Ng6 28. Bg3 Be7 29. Nf5 Bg5 30. Qe2 Bxf5 31. exf5 Ne7 32. h4 Bf6 33. Be4 Qb7 34. f3 Qd7 35. Qc2 Reb8 36.
Bf2 Nc8 37. g4 Qd8 38. h5 Bh4 39. Kg2 Bxf2 40. Qxf2 Nb6 41. Qe3 Nd7 42. Qf2 Nc5 43. Qe2 Qg5 44. Qf2 Qf4 45. Bc2 Kf8 46. Qg3 Qg5 47.
Qf2 Qd8 48. Qg3 Rxa1 49. Rxa1 Ra8 50. Rxa8 Qxa8 51. f4 Qa2 52. Qf2 f6 53. fxe5 fxe5 54. Bd1 Nd3 55. Qb6 Qxb2+ 56. Kh3 Nf2+ 57. Kh4 Nxd1 58.
Qb8+ Ke7 59. Qc7+ Ke8 60. Qc8+ Ke7 61. Qc7+ Ke8 62. Qc8+ Ke7 63. Qe6+ Kd8 64. Qxd6+ Kc8 65. Qc6+ Kb8 66. Qb6+ Kc8 67. Qc6+ Kb8 68. Qb6+ Kc8 69. Qc6+ 1/2-1/2

[Event "Early-Titled-Tuesday-Blitz-May-07-2024"]
[Site "Chess.com"]
[Date "2024.05.07"]
[Round "3"]
[White "Doublekk14"]
[Black "Ziyamammadov"]
[Result "1-0"]
[WhiteElo "2346"]
[BlackElo "1972"]
[TimeControl "180+1"]
[EndTime "8:33:05 PDT"]
[Termination "Doublekk14 won by resignation"]

1. e4 e6 2. d4 d5 3. exd5 exd5 4. Nf3 Nf6 5. c4 c5 6. Nc3 dxc4 7. Bxc4 Nc6 8. Ng5 Qe7+ 9. Be3 cxd4 10. Bxf7+ Kd8 11. O-O h6 12. Bxd4 Nxd4 13. Qxd4+ Bd7 14. Ne6+ Kc8 15.
Nxf8 Rxf8 16. Bg6 Bc6 17. Bf5+ Kb8 18. Rfe1 Qd8 19. Qf4+ Qc7 20. Qxc7+ Kxc7 21. Re7+ Kb6 22. a4 a5 23. Rd1 Rae8 24. Rxe8 Rxe8 25. Kf1 g5 26. Bd3 Rd8 27. Be2 Re8 28. Bd3 Rd8 29.
Bc2 Re8 30. Rd6 Rf8 31. Ne4 Nxe4 32. Bxe4 Kc7 33. Re6 Bxe4 34. Rxe4 Rd8 35. Ke2 Kb6 36. Re6+ Ka7 37. Rxh6 Re8+ 38. Kd2 Rd8+ 39. Ke3 Re8+ 40. Kf3 Rf8+ 41. Kg3 Rf4 42. b3 Rb4 43. Rg6 Rxb3+ 44. Kg4 Rb4+ 45. Kxg5 Rxa4 46. h4 Ra2 47. h5 Rxf2 48. g4 Re2 49. h6 a4 50. h7 Re5+ 51.
Kf6 Re8 52. Kf7 Rh8 53. Kg7 a3 54. Rh6 a2 55. Rh1 Ra8 56. h8=Q Rxh8 57. Kxh8 b6 58. Ra1 1-0

[Event "Early-Titled-Tuesday-Blitz-May-07-2024"]
[Site "Chess.com"]
[Date "2024.05.07"]
[Round "3"]
[White "PapiPapita"]
[Black "ahkashefi2800"]
[Result "0-1"]
[WhiteElo "2395"]
[BlackElo "2587"]
[TimeControl "180+1"]
[EndTime "8:33:06 PDT"]
[Termination "ahkashefi2800 won by checkmate"]

1. Nf3 d5 2. e3 c6 3. b3 Nf6 4. Bb2 g6 5. c4 Bg7 6. Be2 O-O 7.
O-O Bg4 8. Nc3 e6 9. h3 Bxf3 10. Bxf3 Nbd7 11. d4 Re8 12. Qc2 Rc8 13. e4 e5 14. exd5 exd4 15. dxc6 bxc6 16. Ne2 c5 17. Nf4 Ne5 18. Be2 Bh6 19. Nd3 Nxd3 20. Bxd3 Nd7 21. Rae1 Qa5 22. Re4 Rxe4 23. Bxe4 Nf6 24. Bf3 Re8 25. a3 Bg7 26. b4 cxb4 27. axb4 Qxb4 28.
Bxd4 a5 29. Rb1 Re1+ 30. Rxe1 Qxe1+ 31. Kh2 Ng4+ 32. hxg4 Bxd4 33. Qe2 Qxe2 34. Bxe2 a4 35. c5 Bxf2 36. c6 Bb6 37. Bc4 h6 38. Kh3 Kf8 39. Kg3 Ke7 40. Kf4 f6 41. Ke4 Kd6 42. Bf7 a3 43. Kd3 Kxc6 44. Kc3 f5 45. gxf5 gxf5 46. Kd3 Kd6 47. Ke2 Ke5 48. Ba2 Kf4 49. Kf1 Kg3 50. Bb1 h5 51. Ba2 h4 52. Bb3 f4 53.
Bd5 f3 54. gxf3 h3 55. f4 h2 56. f5 a2 57. Bxa2 h1=Q+ 58. Ke2 Qg2+ 59. Kd3 Qxa2 60.
f6 Qd5+ 61. Kc3 Ba5+ 62. Kb2 Qd4+ 63. Ka3 Qb4+ 64. Ka2 Bb6 65. f7 Bd4 66. f8=Q Qb2# 0-1

[Event "Early-Titled-Tuesday-Blitz-May-07-2024"]
[Site "Chess.com"]
[Date "2024.05.07"]
[Round "3"]
[White "klifus"]
[Black "yaguigor"]
[Result "0-1"]
[WhiteElo "2213"]
[BlackElo "2559"]
[TimeControl "180+1"]
[EndTime "8:33:06 PDT"]
[Termination "yaguigor won by resignation"]

1. e4 Nc6 2. Nf3 d5 3. exd5 Qxd5 4. Nc3 Qa5 5. d4 Nf6 6. Bb5 Bd7 7. d5 Nb4 8. Bxd7+ Nxd7 9. a3 Na6 10. Be3 c6 11. b4 Qc7 12. O-O cxd5 13. Nxd5 Qc4 14. Qd4 Qxd4 15. Bxd4 e6 16. Rfe1 O-O-O 17. Nc3 Nb6 18. Nb5 Kb8 19. Bxb6 axb6 20. Rad1 Be7 21. Kf1 Nc7 22.
Nxc7 Kxc7 23. Ke2 Bf6 24. Rd3 Rxd3 25. Kxd3 Ra8 26. Kc4 Rxa3 27. Ne5 Bxe5 28. Rxe5 Ra1 29. Re2 g5 30. g3 Rh1 31. f3 Rf1 32. Re3 Rf2 33.
c3 Rxh2 34. f4 gxf4 35. gxf4 Rf2 36. Re4 h5 37. Kb5 h4 38. c4 h3 39. Re3 Rxf4 40. Rxh3 Rf5+ 41. c5 bxc5 42. bxc5 b6 43. Rh7 Rxc5+ 44.
Kb4 Rf5 45. Kb3 Kc6 46. Kc4 Rf4+ 47. Kd3 e5 48. Ke3 Kc5 49. Rh6 f6 50. Rh8 b5 51.
Rc8+ Kb4 52. Rc1 Ka3 53. Rb1 b4 54. Rc1 b3 55. Rb1 b2 56. Rd1 Ka2 57. Rd2 Ka1 58. Rd1+ b1=Q 59. Rxb1+ Kxb1 0-1

[Event "Early-Titled-Tuesday-Blitz-May-07-2024"]
[Site "Chess.com"]
[Date "2024.05.07"]
[Round "3"]
[White "Caroexpert"]
[Black "mind1mover"]
[Result "0-1"]
[WhiteElo "2676"]
[BlackElo "2908"]
[TimeControl "180+1"]
[EndTime "8:33:08 PDT"]
[Termination "mind1mover won by checkmate"]

1. d4 d5 2. c4 dxc4 3. e3 e5 4. Bxc4 Nc6 5. Nf3 e4 6. Nfd2 Qg5 7. Bf1 Nf6 8. Nc3 Bb4 9. h4 Qg6 10. Qc2 O-O 11. a3 Bxc3 12. bxc3 Be6 13. c4 Nxd4 14.
exd4 e3 15. Qxg6 exd2+ 16. Bxd2 hxg6 17. d5 Bd7 18. f3 c6 19. d6 c5 20. Kf2 b6 21. Bf4 Rfe8 22. g4 Bc6 23. h5 Nxg4+ 24. Kg3 Ne5 25. hxg6 Nxg6 26. Bd3 Nxf4 27. Kxf4 Rad8 28.
Bh7+ Kf8 29. Bf5 g6 30. d7 Re2 31. Bg4 Ke7 32. Rhe1 Rxe1 33. Rxe1+ Kd6 34. Rd1+ Kc7 35. Ke5 Bxd7 36. Rg1 Bxg4 37. fxg4 Rd6 38. g5 Re6+ 39. Kd5 Rd6+ 40. Ke5 Kd7 41. Rf1 Ke7 42. Rxf7+ Kxf7 43. Kxd6 Ke8 44. a4 Kd8 45. Ke6 a5 46. Kf6 b5 47. cxb5 c4 48. Kxg6 c3 49. Kf7 c2 50. g6 c1=Q 51. g7 Qf4+ 52. Kg6 Qc4 53. Kh7 Qf7 54. Kh8 Qh5+ 55. Kg8 Ke7 56. b6 Qf7+ 57. Kh8 Qh5+ 58. Kg8 Kf6 59. Kf8 Qf7# 0-1

[Event "Early-Titled-Tuesday-Blitz-May-07-2024"]
[Site "Chess.com"]
[Date "2024.05.07"]
[Round "3"]
[White "RobertoJBM"]
[Black "JeFumeDesClopes"]
[Result "0-1"]
[WhiteElo "2884"]
[BlackElo "2690"]
[TimeControl "180+1"]
[EndTime "8:33:08 PDT"]
[Termination "JeFumeDesClopes won on time"]

1. d4 g6 2. e4 Bg7 3. Nc3 d6 4. Be3 a6 5. Qd2 b5 6. a4 b4 7. Nd1 Nf6 8. f3 a5 9. Bh6 Bxh6 10. Qxh6 Nbd7 11. Bb5 Bb7 12. Ne2 c6 13. Bd3 c5 14.
d5 e6 15. dxe6 fxe6 16. Ne3 Qe7 17. O-O Ne5 18. Bb5+ Kd8 19. Rad1 Kc7 20. Nf4 Raf8 21. Qh3 Bc8 22. Qg3 g5 23. Qxg5 Rhg8 24. Qh4 Rg7 25. Kh1 Rfg8 26. Qxf6 Qxf6 27. Nfd5+ exd5 28. Nxd5+ Kb8 29. Nxf6 Rf8 30. Nd5 Bb7 31. Ne3 Kc7 32. h3 h5 33.
Kh2 Bc6 34. Bxc6 Kxc6 35. Nf5 Rd7 36. b3 c4 37. Rd4 c3 38. Rfd1 Rf6 39. Ne7+ Rxe7 40.
Rd5 Ra7 41. Kg3 Rg6+ 42. Kf2 h4 43. f4 Rf7 44. f5 Rg3 45. Rxd6+ Kc7 46. Ra6 Nc6 47. Ra8 Re7 48. Re1 Reg7 49. Rg1 Rd7 50. Rh8 Rd2+ 51. Kf1 Re3 52. Rxh4 Rxc2 53. Rh7+ Kd6 54.
Rh6+ Kc5 55. f6 Rxe4 56. g3 Re3 57. Rg2 Rf3+ 58. Kg1 Rxg2+ 59. Kxg2 Rf5 60. Rh4 Rxf6 61. Rc4+ Kb6 62. g4 Ne5 63. Rc8 Rc6 64. Re8 c2 0-1

[Event "Early-Titled-Tuesday-Blitz-May-07-2024"]
[Site "Chess.com"]
[Date "2024.05.07"]
[Round "3"]
[White "Kirillov_Andrey"]
[Black "tandaleo"]
[Result "1-0"]
[WhiteElo "2464"]
[BlackElo "2583"]
[TimeControl "180+1"]
[EndTime "8:33:08 PDT"]
[Termination "Kirillov_Andrey won by resignation"]

1. e4 e5 2. Nf3 Nc6 3. Bb5 a6 4. Ba4 d6 5. c3 Bd7 6. O-O Nge7 7. d4 Ng6 8. Re1 Be7 9. Nbd2 h6 10. Nf1 Bg5 11. Ng3 Bxc1 12. Qxc1 Nf4 13. Qe3 b5 14. Bb3 Qf6 15. dxe5 Nxe5 16. Nxe5 dxe5 17. Red1 Qe7 18.
a4 O-O 19. axb5 axb5 20. Ra7 Rfc8 21. Rda1 Rxa7 22. Rxa7 Qd6 23. h3 c5 24. Nf5 Bxf5 25. Bxf7+ Kh8 26. exf5 Qd1+ 27. Kh2 Rf8 28. Qxc5 Qd8 29. g3 Ne2 30. Be6 e4 31. Rd7 Qf6 32.
Rd2 Nc1 33. Qe3 Nd3 34. Qxe4 Ne5 35. Re2 Nf7 36. Bxf7 Rxf7 37. Qe8+ Kh7 38. Qe6 Rf8 39. Qxf6 Rxf6 40. g4 Rb6 41. b4 Rc6 42. Re3 Rc4 43.
Kg3 Kg8 44. f3 Kf7 45. Kf2 Kf6 46. Ke2 Rc7 47. Rd3 Kg5 48. Kd2 Kf4 49. h4 Kg3 50. g5 Kxh4 51. gxh6 gxh6 52. f6 Kg5 53. Rd5+ Kxf6 54. Rxb5 Rh7 55. Rh5 Kg6 56. Rh1 h5 57.
c4 Kg5 58. c5 Kf4 59. b5 Kxf3 60. c6 Ke4 61. b6 Kd5 62. b7 Rh8 63. c7 Kc6 64.
c8=Q+ 1-0

[Event "Early-Titled-Tuesday-Blitz-May-07-2024"]
[Site "Chess.com"]
[Date "2024.05.07"]
[Round "3"]
[White "Matsanovic"]
[Black "DACF2905"]
[Result "0-1"]
[WhiteElo "2588"]
[BlackElo "2447"]
[TimeControl "180+1"]
[EndTime "8:33:09 PDT"]
[Termination "DACF2905 won by checkmate"]

1. e4 e6 2. Qe2 c5 3. Nf3 Nc6 4. g3 d6 5. Bg2 Nf6 6. O-O Be7 7. c3 e5 8. Na3 O-O 9. Nc2 Re8 10. d3 h6 11. a3 Bf8 12. b4 b6 13. b5 Nb8 14. c4 g6 15. Ne3 Bg7 16. a4 Nbd7 17. Bd2 Nf8 18. a5 Bd7 19. Ra3 Rb8 20. Rfa1 Ne6 21.
axb6 axb6 22. Nd5 Nd4 23. Nxf6+ Qxf6 24. Nxd4 exd4 25. Ra7 Be6 26. Qf3 Qxf3 27. Bxf3 f5 28. Kg2 fxe4 29. Bxe4 Bxc4 30. Bxg6 Bd5+ 31. Kg1 Re2 32.
Bf4 Rf8 33. h4 c4 34. dxc4 Bxc4 35. Rc1 d5 36. Rb7 d3 37. Rd1 Bxb5 38. Rxb6 Bc4 39.
Bxd3 Bxd3 40. Rxd3 d4 41. Rd6 Rc8 42. Kg2 Rcc2 43.
Rf3 Rc3 44. h5 Rec2 45. Rd8+ Kf7 46. Be3+ Ke6 47. Re8+ Kd5 48. Bf4 Rxf3 49. Kxf3 Rc3+ 50. Ke2 Kc4 51. Rc8+ Kb3 52. Rb8+ Kc2 53. Bd2 Rc4 54. g4 d3+ 55. Ke3 Bd4+ 56. Kf3 Be5 57. g5 Bxb8 58. Be3 hxg5 59. h6 Rh4 60. Bxg5 Rh1 61.
Kg2 Rh5 62. f4 d2 63. Kf3 d1=Q+ 64. Ke4 Qd3# 0-1

[Event "Early-Titled-Tuesday-Blitz-May-07-2024"]
[Site "Chess.com"]
[Date "2024.05.07"]
[Round "3"]
[White "Mrlammy"]
[Black "MarijaKuznecova"]
[Result "1/2-1/2"]
[WhiteElo "2585"]
[BlackElo "2423"]
[TimeControl "180+1"]
[EndTime "8:33:09 PDT"]
[Termination "Game drawn by repetition"]

1. d4 Nf6 2. c4 c5 3. d5 b5 4. cxb5 a6 5. bxa6 g6 6. Nc3 Bg7 7. e4 O-O 8. Bc4 Qa5 9. a7 Rxa7 10. Bd2 Qb6 11. Qc2 d6 12. Nge2 Ba6 13. b3 Nfd7 14.
O-O Ne5 15. Na4 Qb7 16. Bxa6 Nxa6 17. Rac1 Nb4 18. Bxb4 Qxb4 19. Rfd1 c4 20. Rd4 Nf3+ 21. gxf3 Bxd4 22. Qxc4 Qxc4 23. Rxc4 Bf6 24. Nc1 Rb8 25. Nd3 Rbb7 26. Nb4 Rc7 27. Nc6 Rab7 28. Kf1 e6 29. Ke2 Kg7 30. Kd3 exd5 31. exd5 Rb5 32. Nb4 Re7 33. Nc6 Rxd5+ 34. Kc2 Re2+ 35. Kc1 Bg5+ 36. f4 Bf6 37. Nc3 Bxc3 38. Rxc3 Rxf2 39. Nb4 Rh5 40. Nc2 Rhxh2 41. a4 Rxf4 42. Kb2 Rf5 43. b4 Rh4 44.
Kb3 Rhf4 45. a5 h5 46. Ne3 Re5 47. Nc4 Ree4 48. a6 Re8 49. Nxd6 Ra8 50. b5 Rf6 51. Rc6 h4 52. a7 Rxa7 53. Ne8+ Kf8 54. Nxf6 h3 55. Rc3 Kg7 56. Ng4 f5 57. Ne5 Kf6 58.
b6 Rb7 59. Nc4 g5 60. Rxh3 g4 61. Rh6+ Kg5 62. Rc6 f4 63. Rc7 Rxb6+ 64. Nxb6 g3 65. Rc1 f3 66. Nd5 f2 67. Ne3 Kf4 68. Ng2+ Kf3 69. Nh4+ Kg4 70. Ng2 Kf3 71. Nh4+ Kg4 72. Ng2 Kf3 1/2-1/2

[Event "Early-Titled-Tuesday-Blitz-May-07-2024"]
[Site "Chess.com"]
[Date "2024.05.07"]
[Round "3"]
[White "GMAkobianSTL"]
[Black "BogdanDeac"]
[Result "0-1"]
[WhiteElo "2803"]
[BlackElo "3095"]
[TimeControl "180+1"]
[EndTime "8:33:10 PDT"]
[Termination "BogdanDeac won on time"]

1. d4 Nf6 2. c4 e6 3. Nf3 d5 4.
cxd5 exd5 5. Nc3 c6 6. Qc2 g6 7.
Bg5 Be7 8. e3 Bf5 9. Bd3 Bxd3 10. Qxd3 Nbd7 11. O-O O-O 12. Qc2 a5 13. Rab1 Re8 14.
Rfc1 Nb6 15. h3 Nh5 16. Bxe7 Qxe7 17. Ne5 Ng7 18. Na4 Nxa4 19. Qxa4 Nf5 20. Qc2 Nd6 21.
Qc5 Qe6 22. a4 Ne4 23. Qc2 Qe7 24. Nd3 Nd6 25. Qc5 Ne4 26. Qxe7 Rxe7 27. Rc2 Nd6 28. b3 g5 29. g4 Kg7 30. Kg2 h5 31. gxh5 Kh6 32.
h4 gxh4 33. Nf4 Rg8+ 34. Kf3 Ree8 35. Rh1 Nf5 36. Rc5 Ra8 37. Ng2 Rg5 38. Nxh4 Nd6 39. Ng2 Ne4 40. Rc2 Rxh5 41. Rxh5+ Kxh5 42. Nf4+ Kg5 43. Nd3 Kf5 44. Nc5 Nd6 45. Rc1 Rh8 46. Rg1 Kf6 47.
Ke2 Ke7 48. Rg2 Kf6 49. Rg1 Ke7 50. Kd3 Rh2 51. Ke2 b6 52. Nd3 Ne4 53. Kf3 c5 54. dxc5 bxc5 55. Rc1 Kd6 56. Rc2 f6 57. Nf4 Ke5 58.
Nd3+ Kd6 59. Nf4 Rh1 60. Ne2 Rb1 61. Nc3 Nxc3 62. Rxc3 Rb2 63. Kg3 f5 64. f3 d4 65.
Rd3 Ke5 66. exd4+ cxd4 0-1

[Event "Early-Titled-Tuesday-Blitz-May-07-2024"]
[Site "Chess.com"]
[Date "2024.05.07"]
[Round "3"]
[White "Mikhail_Golubev"]
[Black "RamonManon0g"]
[Result "1-0"]
[WhiteElo "2621"]
[BlackElo "2451"]
[TimeControl "180+1"]
[EndTime "8:33:11 PDT"]
[Termination "Mikhail_Golubev won by checkmate"]

1. e4 c5 2. Nf3 d6 3. d4 cxd4 4.
Nxd4 Nf6 5. Nc3 a6 6. Bc4 e6 7. Bb3 b5 8. O-O Qc7 9. Re1 Be7 10. a4 b4 11. Na2 a5 12. c3 bxc3 13. Nxc3 O-O 14. Ndb5 Qd8 15. Bf4 e5 16. Bg5 Nc6 17.
Bxf6 Bxf6 18. Nxd6 Nd4 19. Ndb5 Bh4 20. Bd5 Qf6 21.
Bxa8 Bxf2+ 22. Kh1 Qh4 23. Nxd4 exd4 24. Ne2 Bg4 25. Bd5 Bg3 26. Nxg3 Bxd1 27. Raxd1 Qf6 28. Nf5 Qb6 29. b3 g6 30. Nxd4 Kg7 31. Rf1 h5 32. h3 h4 33. Rf3 Kh6 34. Ne2 f5 35. Rdf1 Qa6 36. Nc3 f4 37. Rxf4 Rxf4 38. Rxf4 Qd3 39. Rf3 Qd2 40. Bc4 Qe1+ 41. Kh2 Qd2 42. Ne2 Qd6+ 43.
Kg1 Qc5+ 44. Kh1 Qe5 45. Kg1 Qxe4 46. Rf4 Qe3+ 47. Kh1 g5 48. Rg4 Qf2 49. Nd4 Qe1+ 50.
Kh2 Qe5+ 51. Kg1 Qe3+ 52. Kf1 Qd2 53. Nf3 Qd1+ 54. Kf2 Qc2+ 55. Kg1 Qc1+ 56. Kh2 Qe3 57. Nxg5 Qe5+ 58. Kg1 Qc5+ 59. Kh1 Qf2 60. Nf3 Qf1+ 61. Bxf1 Kh5 62. Rxh4+ Kg6 63. Rg4+ Kh5 64. Rh4+ Kg6 65. Rc4 Kh5 66. Rc5+ Kh6 67. Rxa5 Kg6 68. g4 Kh6 69. h4 Kh7 70. Ra6 Kg7 71. g5 Kh7 72. h5 Kg7 73. Nh4 Kh7 74. Bc4 Kh8 75. h6 Kh7 76.
Ra7+ Kh8 77. Ng6# 1-0

[Event "Early-Titled-Tuesday-Blitz-May-07-2024"]
[Site "Chess.com"]
[Date "2024.05.07"]
[Round "3"]
[White "ChEsper99"]
[Black "colegiodemadrid"]
[Result "1-0"]
[WhiteElo "2290"]
[BlackElo "2546"]
[TimeControl "180+1"]
[EndTime "8:33:12 PDT"]
[Termination "ChEsper99 won by resignation"]

1. Nf3 d5 2. g3 Nf6 3. Bg2 e6 4.
O-O Be7 5. d4 O-O 6. c4 c6 7. b3 a5 8. Nc3 Bb4 9. Bb2 Qe7 10. Ne5 Ba3 11. Bxa3 Qxa3 12. Qc1 Qxc1 13. Raxc1 Nbd7 14. Nxd7 Nxd7 15. e4 dxe4 16. Bxe4 Nf6 17. Bg2 Rd8 18. Rfd1 Kf8 19. f4 Ne8 20. d5 cxd5 21. cxd5 Nd6 22. Na4 exd5 23. Nb6 Rb8 24. Rxd5 Be6 25. Rdc5 Nf5 26. Rxa5 Rd2 27. Bh3 g6 28.
Rac5 Nd4 29. Bxe6 Ne2+ 30. Kf1 Nxc1 31. Nd7+ Ke7 32. Nxb8 Rd1+ 33. Kg2 Kxe6 34. Rc7 b5 35.
Rb7 Rd2+ 36. Kh3 Rd5 37. Nc6 Nxa2 38. Rxb5 Rd2 39. Ne5 f6 40. Rb6+ Kf5 41. Ng4 h5 42. Rxf6+ Ke4 43. Nh6 Nc3 44. Rxg6 Ne2 45. Kh4 Ng1 46.
Kxh5 Rxh2+ 47. Kg4 Nh3 48. Re6+ Kd5 49. Re5+ Kd6 50.
Nf5+ Kd7 51. Ne3 Nf2+ 52. Kf3 Nh3 53. f5 Ng1+ 54. Ke4 Re2 55. f6 Rf2 56. Rf5 Rxf5 57. Kxf5 Ne2 58. g4 Nd4+ 59. Kg6 Nxb3 60. f7 Ke7 61.
Kg7 Nd4 62. Nf5+ Kd7 63. Nxd4 1-0

[Event "Early-Titled-Tuesday-Blitz-May-07-2024"]
[Site "Chess.com"]
[Date "2024.05.07"]
[Round "3"]
[White "Chess4always"]
[Black "Tsyhanchuk_Stanislav"]
[Result "1-0"]
[WhiteElo "2034"]
[BlackElo "2343"]
[TimeControl "180+1"]
[EndTime "8:33:12 PDT"]
[Termination "Chess4always won by checkmate"]

1. d4 Nf6 2. Bg5 d5 3. Bxf6 exf6 4. c3 Bd6 5. Nd2 Bf5 6. g3 O-O 7. Ngf3 Re8 8. e3 Nd7 9. Bg2 Bd3 10. Nb3 Bc4 11. Bf1 Bxf1 12. Kxf1 Nb6 13. Kg2 Qd7 14.
Nbd2 Rad8 15. Re1 f5 16. a4 Nc4 17. Nxc4 dxc4 18. Qc2 a5 19. Rad1 Qe6 20. d5 Qe4 21.
Qxe4 fxe4 22. Nd2 Be5 23. Nxc4 b6 24. Nxe5 Rxe5 25. c4 Kf8 26. Rd4 Ke7 27. Red1 Kd6 28. f4 exf3+ 29. Kxf3 Rde8 30. R1d3 f6 31. Rh4 h6 32.
Rg4 R8e7 33. h4 f5 34. Rg6+ Kc5 35. b3 Kb4 36. Rc6 Re4 37. d6 cxd6 38. Rxb6+ Kc5 39.
Rb5+ Kc6 40. Rxf5 R4e5 41. Rf8 R5e6 42. Rc8+ Kb7 43. Rd8 Kc7 44. Ra8 Kb6 45. Rc8 Kb7 46.
Rf8 Kc7 47. Rf5 Kb6 48. Rb5+ Ka6 49. Rbd5 Rd7 50. c5 Kb7 51. Rxd6 Rexd6 52. cxd6 Kc6 53.
e4 Rxd6 54. Rxd6+ Kxd6 55. Kf4 g6 56. g4 Ke6 57. h5 g5+ 58. Kf3 Ke5 59. Ke3 Ke6 60. Kd4 Kd6 61. e5+ Ke6 62. Ke4 Ke7 63. Kf5 Kf7 64. e6+ Ke7 65. Kg6 Kxe6 66. Kxh6 Kf6 67.
Kh7 Kf7 68. h6 Kf8 69. Kg6 Kg8 70. Kxg5 Kh8 71. Kg6 Kg8 72. g5 Kh8 73. Kf6 Kg8 74. g6 Kh8 75. g7+ Kh7 76. Kf7 Kxh6 77. g8=Q Kh5 78.
Kf6 Kh4 79. Kf5 Kh3 80. Kf4 Kh4 81. Qh8# 1-0

[Event "Early-Titled-Tuesday-Blitz-May-07-2024"]
[Site "Chess.com"]
[Date "2024.05.07"]
[Round "3"]
[White "Boundless_Strike"]
[Black "HouseOfDurin"]
[Result "1-0"]
[WhiteElo "2660"]
[BlackElo "2220"]
[TimeControl "180+1"]
[EndTime "8:33:13 PDT"]
[Termination "Boundless_Strike won by resignation"]

1. d4 Nf6 2. f3 c5 3. d5 b5 4.
e4 Qb6 5. c4 bxc4 6. Nd2 Ba6 7.
Ne2 d6 8. Nc3 Nbd7 9. Bxc4 g6 10. Qe2 Bxc4 11. Nxc4 Qa6 12. Bf4 Qb7 13. O-O Bg7 14.
Bxd6 Rc8 15. Bg3 O-O 16. Na5 Qb6 17. Nc6 Rxc6 18. dxc6 Qxc6 19. Rad1 Nb6 20. Qb5 Qxb5 21.
Nxb5 Nc4 22. Rc1 Nxb2 23. Rxc5 a6 24. Nc7 Nxe4 25. fxe4 Bd4+ 26. Bf2 Bxc5 27. Bxc5 Rc8 28. Nxa6 Nd3 29. Bxe7 Re8 30. Bf6 Rxe4 31. Rd1 Re6 32. Rxd3 Rxf6 33. Nb4 Rb6 34. Rb3 Kg7 35. a4 h5 36. a5 Rb5 37. a6 Ra5 38. Rc3 h4 39. h3 Ra4 40. Rc4 g5 41. Rd4 f5 42. Rc4 Kh6 43. Kf2 Kh5 44. Kf3 Ra3+ 45. Kf2 Ra4 46. Ke3 g4 47. hxg4+ fxg4 48. Rc5+ Kg6 49. Rb5 h3 50.
gxh3 gxh3 51. Kf2 Ra3 52. Kg1 Kf6 53. Kh2 Ke6 54. Rb7 Kd6 55. Rb5 Ra4 56. Rb6+ Kc5 57. Rb7 Ra3 58. a7 Kc4 59. Nc6 Kd5 60. Rb8 Kxc6 61. a8=Q+ Rxa8 62. Rxa8 Kd5 63. Ra3 Ke4 64. Rxh3 Kf4 65. Rg3 Ke4 66. Kg2 Ke5 67. Kf2 Kf5 68.
Rf3+ Ke5 69. Ke3 Kd5 70. Rf4 1-0

[Event "Early-Titled-Tuesday-Blitz-May-07-2024"]
[Site "Chess.com"]
[Date "2024.05.07"]
[Round "3"]
[White "miaou33"]
[Black "Shield12"]
[Result "0-1"]
[WhiteElo "2542"]
[BlackElo "2999"]
[TimeControl "180+1"]
[EndTime "8:33:13 PDT"]
[Termination "Shield12 won by resignation"]

1. d4 g6 2. c4 Nf6 3. Nc3 d5 4. cxd5 Nxd5 5. e4 Nxc3 6. bxc3 Bg7 7. Nf3 c5 8. Rb1 O-O 9. Be2 Nc6 10. d5 Ne5 11.
Nxe5 Bxe5 12. Qd2 e6 13. f4 Bc7 14. O-O exd5 15. exd5 Bd6 16. c4 f6 17. f5 Qc7 18.
fxg6 hxg6 19. Qh6 Qh7 20. Qxh7+ Kxh7 21. Bd3 Be5 22. Bf4 Bd4+ 23. Kh1 b6 24. Rbe1 Rf7 25. Be5 Bxe5 26. Rxe5 Bd7 27. Re3 Re8 28. Rxe8 Bxe8 29. Re1 Bd7 30. g3 Kg7 31. Kg2 f5 32. Kf3 Kf6 33. h4 Rf8 34. Kf4 Rh8 35. a4 Re8 36. Rxe8 Bxe8 37. Bc2 Bd7 38. Bd1 Bc8 39.
Bc2 Bb7 40. Bd1 Ba6 41. Be2 Bc8 42. Bd1 a6 43. Bc2 Bd7 44. Bd1 b5 45. cxb5 axb5 46.
axb5 Bxb5 47. Bc2 c4 48. g4 fxg4 49. Kxg4 Bd7+ 50. Kf4 Bf5 51. Ba4 c3 52. d6 Ke6 53.
d7 Ke7 54. h5 Bxd7 55. h6 Bxa4 56. h7 c2 57. h8=Q c1=Q+ 58. Kg3 Qe3+ 59. Kg2 Bc6+ 60.
Kf1 Qf4+ 61. Kg1 Qg5+ 62. Kf1 Qf6+ 0-1

[Event "Early-Titled-Tuesday-Blitz-May-07-2024"]
[Site "Chess.com"]
[Date "2024.05.07"]
[Round "3"]
[White "Statham_01"]
[Black "mishanick"]
[Result "1-0"]
[WhiteElo "2664"]
[BlackElo "3031"]
[TimeControl "180+1"]
[EndTime "8:33:16 PDT"]
[Termination "Statham_01 won by resignation"]

1. e4 c5 2. a3 Nc6 3. b4 Nf6 4. b5 Nd4 5. c3 Ne6 6. e5 Nd5 7. c4 Ndc7 8. f4 Nxf4 9. d4 Ng6 10. d5 Nxe5 11. Nf3 d6 12. Bb2 Nxf3+ 13. Qxf3 e5 14. dxe6 Nxe6 15. Bd3 Be7 16. O-O Bf6 17. Bxf6 Qxf6 18.
Qxf6 gxf6 19. Nc3 Nd4 20. Ne4 Ke7 21. Nxf6 Be6 22. Rae1 h5 23. Bf5 Raf8 24. Be4 b6 25.
Bc6 Rh6 26. Nd5+ Kd8 27. a4 Bxd5 28. Bxd5 f5 29. a5 bxa5 30. Ra1 Rh7 31. Rxa5 Rd7 32. b6 Ne2+ 33. Kf2 axb6 34. Ra8+ Ke7 35. Rxf8 Kxf8 36. Kxe2 Re7+ 37. Kd3 Re5 38. Rb1 f4 39. Rxb6 Re3+ 40. Kd2 Ke7 41. Rb7+ Kf6 42. Rf7+ Kg5 43. Bf3 h4 44. Rd7 h3 45. Rxd6 hxg2 46. Bxg2 Ra3 47. Rd5+ Kg4 48. Ke1 f3 49. h3+ Kg3 50. Bxf3 Kxf3 51.
Rxc5 Ra2 52. Rc8 Ke3 53. Kf1 Kf3 54. Rf8+ Kg3 55. c5 Rc2 56. Rc8 Kf3 57. Ke1 Ke3 58. Kd1 Rc4 59. c6 Rd4+ 60. Kc2 Rc4+ 61. Kb3 Rc1 62.
c7 Kd4 63. Rd8+ Ke5 64. c8=Q Rxc8 65. Rxc8 1-0

[Event "Early-Titled-Tuesday-Blitz-May-07-2024"]
[Site "Chess.com"]
[Date "2024.05.07"]
[Round "3"]
[White "Jospem"]
[Black "Nemegejas"]
[Result "0-1"]
[WhiteElo "3050"]
[BlackElo "2802"]
[TimeControl "180+1"]
[EndTime "8:33:20 PDT"]
[Termination "Nemegejas won on time"]

1. e4 c6 2. d4 d5 3. e5 Bf5 4. h4 h5 5. Bd3 Bxd3 6. Qxd3 Qa5+ 7. b4 Qxb4+ 8. Nd2 e6 9. Rb1 Qe7 10.
Ne2 b5 11. a4 a6 12. Nf3 Qa7 13. O-O Ne7 14. Ba3 Nd7 15. Ra1 Nf5 16. Bxf8 Kxf8 17. Ng3 g6 18. Nxf5 gxf5 19. Ng5 b4 20. c3 Rb8 21. Rfb1 b3 22. c4 dxc4 23. Qxc4 Kg7 24. Ra3 Nb6 25. Qd3 Nd5 26. Raxb3 Rxb3 27. Rxb3 Rb8 28. Qg3 Kf8 29. Nh7+ Ke7 30. Qg5+ Kd7 31. Rd3 Qb6 32. Kh2 Qb1 33. Rf3 Qd1 34. Qxh5 Ke7 35.
Qg5+ Kd7 36. Qg7 Ke7 37. Ng5 Rf8 38. h5 Qxd4 39. h6 Qh4+ 40. Nh3 Qg4 41. Qg5+ Qxg5 42. Nxg5 Rh8 43. h7 f6 44. exf6+ Kxf6 45. Rg3 Nf4 46. Nh3 Rxh7 47. Rc3 Nxh3 48. gxh3 Rc7 49. Rc5 Ke7 50. Ra5 Ra7 51. Kg3 Kd6 52. Kf4 c5 53. h4 Kc6 54.
Rxa6+ Rxa6 55. h5 Rxa4+ 56. Kg5 Rg4+ 57. Kf6 c4 58. h6 c3 59. f4 c2 60. h7 c1=Q 61.
Kxe6 Qe3+ 62. Kxf5 Qxf4+ 63. Ke6 Rg6+ 64. Ke7 Qf6+ 65.
Ke8 Qe6+ 66. Kf8 Rf6+ 67. Kg7 Rf7+ 68. Kh8 Qf6+ 0-1